Little Stars vs Moose
Created - January 31, 2024 at 19:06
Goals
|
| Little Stars |
2 |
0 |
1 |
3 |
| Moose |
3 |
2 |
1 |
6 |
|
Shots
|
| Little Stars |
18 |
7 |
6 |
31 |
| Moose |
13 |
6 |
14 |
33 |
|
1st period
1. Little Stars , Filip Chytil 3 (Emile Poirier 8, Reece Willcox 26) at 1:18
2. Moose , Kyle Connor 15 (Dylan Strome 43) at 5:37 (PP)
3. Moose , Chase De Leo 11 (Ludwig Bystrom 21, Anders Bjork 8) at 7:07
4. Moose , Dylan Strome 34 (Mathieu Joseph 33, Ludwig Bystrom 22) at 9:06
5. Little Stars , Adam Tambellini 33 (Matt Luff 18, Daniel O'regan 47) at 16:54 (PP)
Penalties :
Evan Bouchard (Tex) for Tripping (Minor) at 5:34, Reece Willcox (Tex) for Tripping (Minor) at 13:27, Erik Cernak (Man) for High sticking (Minor) at 16:47
2nd period
6. Moose , Kyle Connor 16 (Dylan Strome 44) at 2:32 (PP)
7. Moose , Kieffer Bellows 1 (Erik Cernak 11, Boris Katchouk 7) at 17:53
Penalties :
Daniel O'regan (Tex) for Hooking (Minor) at 2:31
3rd period
8. Moose , Jake Leschyshyn 7 (Nikolay Goldobin 23, Matthew Benning 10) at 9:56
9. Little Stars , Joakim Nygard 11 (Jason Dickinson 16) at 18:30
Penalties :
Caleb Jones (Man) for High sticking (Minor) at 11:13, Anders Bjork (Man) for Hooking (Minor) at 13:40, Radel Fazleev (Tex) for Roughing (Minor) at 19:30
Goalie Stats
Danil Tarasov (Tex), 16 saves from 18 shots - (0.889), 37:28 minutes
Michael Houser (Tex), 11 saves from 15 shots - (0.733), L, 18-11-3, 22:32 minutes
Filip Gustavsson (Man), 28 saves from 31 shots - (0.903), W, 22-11-2, 60:00 minutes
Players Stats for Little Stars
Player Name G A P +/- PIM S H SB GA TA FO MP PP MP PK MP
------------------------------------------------------------------------------------
Adam Tambellini 1 0 1 -3 0 2 5 0 2 1 0/0 22:00 2:15 1:25
Cal Burke 0 0 0 -1 0 1 2 1 0 1 0/1 14:04 0:00 0:00
Connor Mackey 0 0 0 0 0 1 0 0 0 1 0/0 14:30 0:00 1:28
Daniel O'regan 0 1 1 -3 2 4 3 2 0 0 13/27 21:59 2:15 1:24
Emile Poirier 0 1 1 1 0 1 0 0 0 0 0/0 8:41 0:00 0:40
Evan Bouchard 0 0 0 -2 2 0 0 2 0 1 0/0 19:33 1:29 0:31
Filip Chytil 1 0 1 1 0 2 0 0 0 1 0/2 7:59 0:00 0:00
Jason Dickinson 0 1 1 1 0 2 1 1 1 0 8/14 16:04 1:50 0:27
Joakim Nygard 1 0 1 1 0 3 1 0 2 0 0/0 15:59 1:50 0:27
Joey Anderson 0 0 0 1 0 0 0 0 0 0 1/2 8:12 0:00 0:00
Justin Auger 0 0 0 1 0 0 0 0 1 1 0/1 15:18 1:50 0:00
Lawrence Pilut 0 0 0 0 0 2 0 0 0 0 0/0 13:14 0:00 0:12
Matt Luff 0 1 1 -3 0 2 1 0 0 1 1/2 20:36 2:15 0:00
Radel Fazleev 0 0 0 -1 2 3 0 0 0 0 7/13 13:58 0:00 0:00
Reece Willcox 0 1 1 0 2 2 0 0 1 3 0/0 25:00 2:36 0:33
Shane Gersich 0 0 0 -1 0 5 2 0 0 0 1/2 14:40 0:00 0:41
Tucker Poolman 0 0 0 -2 0 1 0 0 1 1 0/0 19:04 1:29 0:02
Wiley Sherman 0 0 0 0 0 0 0 3 0 1 0/0 26:32 2:36 2:18
Players Stats for Moose
Player Name G A P +/- PIM S H SB GA TA FO MP PP MP PK MP
------------------------------------------------------------------------------------
Anders Bjork 0 1 1 1 2 3 2 0 2 0 0/0 12:33 0:00 0:11
Boris Katchouk 0 1 1 0 0 1 0 0 0 0 0/0 8:39 0:00 0:00
Caleb Jones 0 0 0 -1 2 0 1 0 0 0 0/0 17:52 0:51 0:04
Chase De Leo 1 0 1 1 0 1 2 1 0 0 3/8 12:16 0:00 0:00
Dylan Strome 1 2 3 1 0 3 1 0 2 1 12/24 19:45 1:36 0:50
Erik Cernak 0 1 1 3 2 0 4 2 0 1 0/0 22:58 0:51 1:32
Jake Leschyshyn 1 0 1 0 0 3 1 0 0 0 5/6 9:05 0:00 0:11
Josh Mahura 0 0 0 0 0 1 0 2 0 0 0/0 12:43 0:00 0:04
Julien Gauthier 0 0 0 1 0 0 2 0 1 0 0/1 12:03 0:00 0:00
Kieffer Bellows 1 0 1 0 0 2 0 0 0 0 1/1 8:30 0:00 0:00
Kyle Connor 2 0 2 1 0 2 1 0 1 0 1/2 19:40 1:36 0:35
Ludwig Bystrom 0 2 2 3 0 4 0 5 2 1 0/0 27:39 1:41 2:29
Mathieu Joseph 0 1 1 1 0 3 1 0 2 1 3/5 21:17 1:36 2:13
Matthew Benning 0 1 1 -1 0 0 1 3 0 3 0/0 23:59 1:41 2:29
Michael McLeod 0 0 0 0 0 4 2 0 0 0 5/13 17:04 0:56 0:58
Nelson Nogier 0 0 0 0 0 1 1 3 0 1 0/0 14:12 0:00 1:32
Nikolay Goldobin 0 1 1 0 0 3 4 0 1 0 3/4 18:31 0:56 2:14
Tomas Jurco 0 0 0 0 0 2 2 0 1 0 0/0 17:06 0:56 0:58
3 Stars
1 - Dylan Strome (Man)
2 - Kyle Connor (Man)
3 - Ludwig Bystrom (Man)
Power Play
Little Stars - 1 on 2 Attempt(s) - 50.00%
Moose - 2 on 5 Attempt(s) - 40.00%
Penalty Kill
Little Stars - 3 on 5 Attempt(s) - 60.00%
- Score 0 goal in Penalty Kill
Moose - 1 on 2 Attempt(s) - 50.00%
- Score 0 goal in Penalty Kill
Team Stat
Little Stars - Hits : 15 - Faceoff Wins : 31 - Blocked Shots : 9 - Penalty Minutes : 8
Moose - Hits : 25 - Faceoff Wins : 33 - Blocked Shots : 16 - Penalty Minutes : 6
Official
Referees : Dan Kelly and Brad Meier
Linesman : Kory Nagy and Tyson Baker
Game Notes
9:06 of 1st period - Moose goal is going for a video replay. After video review, Goal.
15:46 of 1st period - Little Stars goal is going for a video replay. After video review, No Goal. The puck has been directed, batted or thrown into the net by an attacking player other than with a stick.
Danil Tarasov enters game at 2:32 of 2nd period
18:20 of 2nd period - Penalty Shot by Justin Auger for Little Stars - Stopped by Filip Gustavsson
Finance
Level 1 -- Attendance: 1918 (95.90%) -- Ticket Income $134,260
Level 2 -- Attendance: 969 (96.90%) -- Ticket Income $38,760
Total Attendance: 2887 (96.23%)
Total Ticket Income: $173,020
Other Income: $8,651
Total Income: $181,671
Little Stars
5 vs 5 Forward
Center Left Wing Right Wing Time % Phy DF OF
1 Daniel O'regan Adam Tambellini Matt Luff 40 1 2 2
2 Jason Dickinson Joakim Nygard Justin Auger 30 1 2 2
3 Radel Fazleev Shane Gersich Cal Burke 20 1 2 2
4 Filip Chytil Emile Poirier Joey Anderson 10 1 2 2
5 vs 5 Defense
Defense Defense Time % Phy DF OF
1 Wiley Sherman Reece Willcox 40 1 2 2
2 Tucker Poolman Evan Bouchard 30 1 2 2
3 Connor Mackey Lawrence Pilut 20 1 2 2
4 Wiley Sherman Reece Willcox 10 1 2 2
PowerPlay Forward
Center Left Wing Right Wing Time % Phy DF OF
1 Daniel O'regan Adam Tambellini Matt Luff 60 1 2 2
2 Jason Dickinson Joakim Nygard Justin Auger 40 1 2 2
PowerPlay Defense
Defense Defense Time % Phy DF OF
1 Wiley Sherman Reece Willcox 60 1 2 2
2 Tucker Poolman Evan Bouchard 40 1 2 2
Penalty Kill 4 Players Forward
Center Wing Time % Phy DF OF
1 Daniel O'regan Adam Tambellini 60 1 2 2
2 Jason Dickinson Joakim Nygard 40 1 2 2
Penalty Kill 4 Players Defense
Defense Defense Time % Phy DF OF
1 Wiley Sherman Reece Willcox 60 1 2 2
2 Tucker Poolman Evan Bouchard 40 1 2 2
Penalty Kill - 3 Players Forward
Forward Time % Phy DF OF
1 Daniel O'regan 60 1 2 2
2 Jason Dickinson 40 1 2 2
Penalty Kill - 3 Players Defense
Defense Defense Time % Phy DF OF
1 Wiley Sherman Reece Willcox 60 1 2 2
2 Tucker Poolman Evan Bouchard 40 1 2 2
4 vs 4 Forward
Center Wing Time % Phy DF OF
1 Daniel O'regan Adam Tambellini 60 1 2 2
2 Jason Dickinson Joakim Nygard 40 1 2 2
4 vs 4 Defense
Defense Defense Time % Phy DF OF
1 Wiley Sherman Reece Willcox 60 1 2 2
2 Tucker Poolman Evan Bouchard 40 1 2 2
Last Minutes Offensive
Center Left Wing Right Wing Defense Defense
Daniel O'regan Adam Tambellini Matt Luff Wiley Sherman Reece Willcox
Last Minutes Defensive
Center Left Wing Right Wing Defense Defense
Daniel O'regan Adam Tambellini Matt Luff Wiley Sherman Reece Willcox
Goaltenders
Starting : Michael Houser
Backup : Danil Tarasov
Extra Forwards
Normal : Shane Gersich, Matt Luff, Emile Poirier - PP : Shane Gersich, Matt Luff - PK : Shane Gersich
Extra Defensemen
Normal : Evan Bouchard, Connor Mackey, Lawrence Pilut - PP : Evan Bouchard - PK : Evan Bouchard, Connor Mackey
Penalty Shots
Adam Tambellini, Daniel O'regan, Joakim Nygard, Jason Dickinson, Shane Gersich
Custom OT Lines Forwards
Adam Tambellini, Daniel O'regan, Joakim Nygard, Jason Dickinson, Shane Gersich, Matt Luff, Emile Poirier, Justin Auger, Radel Fazleev, Filip Chytil
Custom OT Lines Defensemen
Wiley Sherman, Reece Willcox, Tucker Poolman, Evan Bouchard, Connor Mackey
Scratches
Jack McBain (Healthy), Ilya Mikheyev (Strained Left Knee Injury), Jean-Christophe Beaudin (Healthy), Rudolfs Balcers (Healthy), Ville Pokka (Groin Injury)
Yakov Trenin (Healthy), Jonathan Dahlen (Healthy), Givani Smith (Healthy), Blade Jenkins (Healthy), Bulat Shafigullin (Healthy)
Michael Giugovaz (Healthy)
Moose
5 vs 5 Forward
Center Left Wing Right Wing Time % Phy DF OF
1 Dylan Strome Kyle Connor Mathieu Joseph 40 1 2 2
2 Michael McLeod Nikolay Goldobin Tomas Jurco 30 1 2 2
3 Chase De Leo Anders Bjork Julien Gauthier 20 1 2 2
4 Jake Leschyshyn Boris Katchouk Kieffer Bellows 10 1 2 2
5 vs 5 Defense
Defense Defense Time % Phy DF OF
1 Ludwig Bystrom Erik Cernak 40 1 2 2
2 Caleb Jones Matthew Benning 30 1 2 2
3 Josh Mahura Nelson Nogier 20 1 2 2
4 Ludwig Bystrom Matthew Benning 10 1 2 2
PowerPlay Forward
Center Left Wing Right Wing Time % Phy DF OF
1 Dylan Strome Kyle Connor Mathieu Joseph 60 1 2 2
2 Michael McLeod Nikolay Goldobin Tomas Jurco 40 1 2 2
PowerPlay Defense
Defense Defense Time % Phy DF OF
1 Ludwig Bystrom Matthew Benning 60 1 2 2
2 Caleb Jones Erik Cernak 40 1 2 2
Penalty Kill 4 Players Forward
Center Wing Time % Phy DF OF
1 Nikolay Goldobin Mathieu Joseph 60 1 3 1
2 Michael McLeod Tomas Jurco 40 1 3 1
Penalty Kill 4 Players Defense
Defense Defense Time % Phy DF OF
1 Ludwig Bystrom Matthew Benning 60 1 3 1
2 Erik Cernak Nelson Nogier 40 1 3 1
Penalty Kill - 3 Players Forward
Forward Time % Phy DF OF
1 Dylan Strome 60 1 2 2
2 Michael McLeod 40 1 2 2
Penalty Kill - 3 Players Defense
Defense Defense Time % Phy DF OF
1 Ludwig Bystrom Matthew Benning 60 1 2 2
2 Erik Cernak Nelson Nogier 40 1 2 2
4 vs 4 Forward
Center Wing Time % Phy DF OF
1 Dylan Strome Kyle Connor 60 1 2 2
2 Michael McLeod Nikolay Goldobin 40 1 2 2
4 vs 4 Defense
Defense Defense Time % Phy DF OF
1 Ludwig Bystrom Matthew Benning 60 1 2 2
2 Caleb Jones Nelson Nogier 40 1 2 2
Last Minutes Offensive
Center Left Wing Right Wing Defense Defense
Dylan Strome Tomas Jurco Mathieu Joseph Ludwig Bystrom Matthew Benning
Last Minutes Defensive
Center Left Wing Right Wing Defense Defense
Dylan Strome Tomas Jurco Mathieu Joseph Ludwig Bystrom Matthew Benning
Goaltenders
Starting : Filip Gustavsson
Backup : Daniel Vladar
Extra Forwards
Normal : Dylan Strome, Michael McLeod, Chase De Leo - PP : Dylan Strome, Michael McLeod - PK : Dylan Strome
Extra Defensemen
Normal : Nelson Nogier, Josh Mahura, Erik Cernak - PP : Nelson Nogier - PK : Nelson Nogier, Josh Mahura
Penalty Shots
Kyle Connor, Nikolay Goldobin, Michael McLeod, Tomas Jurco, Dylan Strome
Custom OT Lines Forwards
Kyle Connor, Dylan Strome, Mathieu Joseph, Nikolay Goldobin, Tomas Jurco, Michael McLeod, Chase De Leo, Anders Bjork, Julien Gauthier, Boris Katchouk
Custom OT Lines Defensemen
Ludwig Bystrom, Matthew Benning, Erik Cernak, Nelson Nogier, Josh Mahura
Scratches
Vinni Lettieri (Healthy), Adam Ruzicka (Healthy), Riley Damiani (Healthy), Alexander Khovanov (Healthy), Juuso Valimaki (Healthy)
Urho Vaakanainen (Healthy), Mitchell Stephens (Healthy), Nick Merkley (Healthy), Jonathan Kovacevic (Healthy), Joey Keane (Healthy)
Adam Ginning (Healthy), Jonny Tychonick (Healthy), Max Jones (Healthy), Nathan Bastian (Healthy), William Bitten (Healthy)
Jonatan Berggren (Healthy), Joey Daccord (Healthy), Karel Vejmelka (Healthy)
% Time on Ice - Little Stars
Lines # - Real PCT - Wanted PCT - Time Play
Normal Forward
1 - 34% - 40% - 18:11
2 - 26% - 30% - 13:40
3 - 26% - 20% - 13:50
4 - 14% - 10% - 7:42
Normal Defense
1 - 36% - 40% - 19:27
2 - 33% - 30% - 17:34
3 - 24% - 20% - 13:02
4 - 6% - 10% - 3:20
PP Forward
1 - 55% - 60% - 2:15
2 - 45% - 40% - 1:50
PP Defense
1 - 64% - 60% - 2:36
2 - 36% - 40% - 1:29
PK Forward
1 - 82% - 60% - 2:05
2 - 18% - 40% - 0:27
PK Defense
1 - 99% - 60% - 2:30
2 - 1% - 40% - 0:02
PK3 Forward
1 - 0% - 60%
2 - 0% - 40%
PK3 Defense
1 - 0% - 60%
2 - 0% - 40%
44 Forward
1 - 0% - 60%
2 - 0% - 40%
44 Defense
1 - 0% - 60%
2 - 0% - 40%
Last Minute Offensive - 0:00
Last Minute Defensive - 0:00
Total
Forward - 60:00
Defense - 60:00
|
% Time on Ice - Moose
Lines # - Real PCT - Wanted PCT - Time Play
Normal Forward
1 - 33% - 40% - 17:38
2 - 28% - 30% - 15:12
3 - 23% - 20% - 12:03
4 - 16% - 10% - 8:30
Normal Defense
1 - 39% - 40% - 20:49
2 - 32% - 30% - 17:15
3 - 23% - 20% - 12:12
4 - 6% - 10% - 3:07
PP Forward
1 - 63% - 60% - 1:36
2 - 37% - 40% - 0:56
PP Defense
1 - 66% - 60% - 1:41
2 - 34% - 40% - 0:51
PK Forward
1 - 76% - 60% - 3:07
2 - 24% - 40% - 0:58
PK Defense
1 - 62% - 60% - 2:33
2 - 38% - 40% - 1:32
PK3 Forward
1 - 0% - 60%
2 - 0% - 40%
PK3 Defense
1 - 0% - 60%
2 - 0% - 40%
44 Forward
1 - 0% - 60%
2 - 0% - 40%
44 Defense
1 - 0% - 60%
2 - 0% - 40%
Last Minute Offensive - 0:00
Last Minute Defensive - 0:00
Total
Forward - 60:00
Defense - 60:00
|
Play-by-Play
1st period
0:01 of 1st period - Daniel O'regan wins face-off versus Dylan Strome in neutral zone.
0:18 of 1st period - Mathieu Joseph is hit by Adam Tambellini and loses puck.
0:57 of 1st period - Wiley Sherman is hit by Chase De Leo and loses puck.
1:18 of 1st period - Snap shot by Filip Chytil.
1:18 of 1st period - Goal by Filip Chytil - Little Stars : 1 - Moose : 0.
1:19 of 1st period - Dylan Strome wins face-off versus Daniel O'regan in neutral zone.
1:22 of 1st period - Wrist shot by Mathieu Joseph.
1:22 of 1st period - Shot Misses the Net.
1:30 of 1st period - Slapshot by Adam Tambellini.
1:30 of 1st period - Shot Blocked by Josh Mahura.
1:32 of 1st period - Wrist shot by Adam Tambellini.
1:32 of 1st period - Stopped by Filip Gustavsson without a rebound.
1:33 of 1st period - Michael McLeod wins face-off versus Jason Dickinson in Moose zone.
1:48 of 1st period - Backhand shot by Jason Dickinson.
1:48 of 1st period - Stopped by Filip Gustavsson without a rebound.
1:49 of 1st period - Daniel O'regan wins face-off versus Dylan Strome in Moose zone.
1:58 of 1st period - Wrist shot by Matt Luff.
1:58 of 1st period - Shot Misses the Net.
2:00 of 1st period - Wrist shot by Tucker Poolman.
2:00 of 1st period - Stopped by Filip Gustavsson without a rebound.
2:01 of 1st period - Radel Fazleev wins face-off versus Chase De Leo in Moose zone.
3:12 of 1st period - Wrist shot by Filip Chytil.
3:12 of 1st period - Stopped by Filip Gustavsson with a rebound.
3:14 of 1st period - Slapshot by Connor Mackey.
3:14 of 1st period - Shot Blocked by Matthew Benning.
3:16 of 1st period - Slapshot by Connor Mackey.
3:16 of 1st period - Stopped by Filip Gustavsson with a rebound.
4:14 of 1st period - Slapshot by Jason Dickinson.
4:14 of 1st period - Stopped by Filip Gustavsson with a rebound.
4:16 of 1st period - Snap shot by Lawrence Pilut.
4:16 of 1st period - Deflect By Mathieu Joseph.
4:16 of 1st period - Stopped by Filip Gustavsson with a rebound.
4:18 of 1st period - Slapshot by Lawrence Pilut.
4:18 of 1st period - Stopped by Filip Gustavsson without a rebound.
4:19 of 1st period - Michael McLeod wins face-off versus Jason Dickinson in Moose zone.
4:44 of 1st period - Wiley Sherman is hit by Erik Cernak and loses puck.
4:54 of 1st period - Off-side.
4:55 of 1st period - Radel Fazleev wins face-off versus Mathieu Joseph in neutral zone.
4:58 of 1st period - Slapshot by Shane Gersich.
4:58 of 1st period - Stopped by Filip Gustavsson without a rebound.
4:59 of 1st period - Kyle Connor wins face-off versus Radel Fazleev in Moose zone.
5:34 of 1st period - Minor Penalty to Evan Bouchard for Tripping.
5:35 of 1st period - Dylan Strome wins face-off versus Daniel O'regan in Little Stars zone.
5:35 of 1st period - Wrist shot by Kyle Connor.
5:35 of 1st period - Shot Misses the Net.
5:37 of 1st period - Snap shot by Kyle Connor.
5:37 of 1st period - Goal by Kyle Connor - Little Stars : 1 - Moose : 1.
5:38 of 1st period - Mathieu Joseph wins face-off versus Jason Dickinson in neutral zone.
6:03 of 1st period - Daniel O'regan is hit by Erik Cernak and loses puck.
6:08 of 1st period - Wrist shot by Tomas Jurco.
6:08 of 1st period - Stopped by Michael Houser without a rebound.
6:09 of 1st period - Daniel O'regan wins face-off versus Michael McLeod in Little Stars zone.
6:39 of 1st period - Icing by Matthew Benning.
6:40 of 1st period - Dylan Strome wins face-off versus Filip Chytil in Moose zone.
6:53 of 1st period - Snap shot by Mathieu Joseph.
6:53 of 1st period - Stopped by Michael Houser without a rebound.
6:54 of 1st period - Daniel O'regan wins face-off versus Chase De Leo in Little Stars zone.
7:05 of 1st period - Slapshot by Anders Bjork.
7:05 of 1st period - Shot Misses the Net.
7:07 of 1st period - Slapshot by Ludwig Bystrom.
7:07 of 1st period - Deflect By Chase De Leo.
7:07 of 1st period - Goal by Chase De Leo - Little Stars : 1 - Moose : 2.
7:08 of 1st period - Kieffer Bellows wins face-off versus Jason Dickinson in neutral zone.
7:21 of 1st period - Wrist shot by Joakim Nygard.
7:21 of 1st period - Shot Blocked by Ludwig Bystrom.
7:37 of 1st period - Off-side.
7:38 of 1st period - Radel Fazleev wins face-off versus Dylan Strome in neutral zone.
7:43 of 1st period - Slapshot by Radel Fazleev.
7:43 of 1st period - Shot Misses the Net.
8:27 of 1st period - Wrist shot by Emile Poirier.
8:27 of 1st period - Stopped by Filip Gustavsson without a rebound.
8:28 of 1st period - Joey Anderson wins face-off versus Chase De Leo in Moose zone.
8:35 of 1st period - Snap shot by Emile Poirier.
8:35 of 1st period - Shot Blocked by Chase De Leo.
8:37 of 1st period - Slapshot by Reece Willcox.
8:37 of 1st period - Shot Blocked by Erik Cernak.
8:58 of 1st period - Slapshot by Erik Cernak.
8:58 of 1st period - Shot Blocked by Daniel O'regan.
9:00 of 1st period - Backhand shot by Ludwig Bystrom.
9:00 of 1st period - Stopped by Michael Houser with a rebound.
9:04 of 1st period - Snap shot by Dylan Strome.
9:04 of 1st period - Shot Misses the Net.
9:06 of 1st period - Wrist shot by Dylan Strome.
9:06 of 1st period - Moose goal is going for a video replay.
9:06 of 1st period - The goal is good.
9:06 of 1st period - Goal by Dylan Strome - Little Stars : 1 - Moose : 3.
9:07 of 1st period - Jason Dickinson wins face-off versus Dylan Strome in neutral zone.
9:14 of 1st period - Snap shot by Joakim Nygard.
9:14 of 1st period - Stopped by Filip Gustavsson with a rebound.
9:20 of 1st period - Snap shot by Kyle Connor.
9:20 of 1st period - Shot Blocked by Jason Dickinson.
9:34 of 1st period - Nikolay Goldobin is hit by Daniel O'regan and loses puck.
10:02 of 1st period - Snap shot by Anders Bjork.
10:02 of 1st period - Shot Hit the Post.
10:22 of 1st period - Slapshot by Kieffer Bellows.
10:22 of 1st period - Stopped by Michael Houser with a rebound.
11:16 of 1st period - Off-side.
11:17 of 1st period - Chase De Leo wins face-off versus Cal Burke in neutral zone.
11:46 of 1st period - Snap shot by Nikolay Goldobin.
11:46 of 1st period - Stopped by Michael Houser with a rebound.
11:48 of 1st period - Wrist shot by Ludwig Bystrom.
11:48 of 1st period - Stopped by Michael Houser with a rebound.
11:50 of 1st period - Slapshot by Ludwig Bystrom.
11:50 of 1st period - Stopped by Michael Houser without a rebound.
11:51 of 1st period - Jason Dickinson wins face-off versus Dylan Strome in Little Stars zone.
12:18 of 1st period - Tomas Jurco is hit by Adam Tambellini and loses puck.
12:29 of 1st period - Snap shot by Matt Luff.
12:29 of 1st period - Stopped by Filip Gustavsson with a rebound.
12:35 of 1st period - Adam Tambellini is hit by Tomas Jurco and loses puck.
13:06 of 1st period - Adam Tambellini is hit by Michael McLeod and loses puck.
13:17 of 1st period - Snap shot by Nikolay Goldobin.
13:17 of 1st period - Shot Misses the Net.
13:19 of 1st period - Slapshot by Nelson Nogier.
13:19 of 1st period - Deflect By Michael McLeod.
13:19 of 1st period - Stopped by Michael Houser with a rebound.
13:21 of 1st period - Snap shot by Tomas Jurco.
13:21 of 1st period - Stopped by Michael Houser with a rebound.
13:23 of 1st period - Slapshot by Nelson Nogier.
13:23 of 1st period - Stopped by Michael Houser without a rebound.
13:24 of 1st period - Jason Dickinson wins face-off versus Dylan Strome in Little Stars zone.
13:24 of 1st period - Jason Dickinson is hit by Erik Cernak.
13:27 of 1st period - Minor Penalty to Reece Willcox for Tripping.
13:28 of 1st period - Dylan Strome wins face-off versus Daniel O'regan in Little Stars zone.
14:40 of 1st period - Icing by Tomas Jurco.
14:41 of 1st period - Shane Gersich wins face-off versus Michael McLeod in Moose zone.
14:44 of 1st period - Wrist shot by Emile Poirier.
14:44 of 1st period - Shot Misses the Net.
15:27 of 1st period - Penalty to Reece Willcox is over, Reece Willcox is back on ice.
15:36 of 1st period - Backhand shot by Reece Willcox.
15:36 of 1st period - Stopped by Filip Gustavsson with a rebound.
15:38 of 1st period - Snap shot by Jason Dickinson.
15:38 of 1st period - Shot Misses the Net.
15:42 of 1st period - Snap shot by Jason Dickinson.
15:42 of 1st period - Shot Blocked by Ludwig Bystrom.
15:44 of 1st period - Wrist shot by Jason Dickinson.
15:44 of 1st period - Shot Blocked by Ludwig Bystrom.
15:46 of 1st period - Snap shot by Joakim Nygard.
15:46 of 1st period - Little Stars goal is going for a video replay.
15:46 of 1st period - The goal is refused. The puck has been directed, batted or thrown into the net by an attacking player other than with a stick..
15:47 of 1st period - Jake Leschyshyn wins face-off versus Radel Fazleev in Moose zone.
16:12 of 1st period - Anders Bjork is hit by Joakim Nygard.
16:44 of 1st period - Snap shot by Daniel O'regan.
16:44 of 1st period - Stopped by Filip Gustavsson without a rebound.
16:45 of 1st period - Dylan Strome wins face-off versus Jason Dickinson in Moose zone.
16:47 of 1st period - Minor Penalty to Erik Cernak for High sticking.
16:48 of 1st period - Daniel O'regan wins face-off versus Mathieu Joseph in Moose zone.
16:52 of 1st period - Slapshot by Matt Luff.
16:52 of 1st period - Stopped by Filip Gustavsson with a rebound.
16:54 of 1st period - Slapshot by Adam Tambellini.
16:54 of 1st period - Goal by Adam Tambellini - Little Stars : 2 - Moose : 3.
16:55 of 1st period - Daniel O'regan wins face-off versus Dylan Strome in neutral zone.
18:12 of 1st period - Wrist shot by Filip Chytil.
18:12 of 1st period - Shot Misses the Net.
19:34 of 1st period - Evan Bouchard is hit by Kyle Connor.
19:53 of 1st period - Icing by Evan Bouchard.
19:54 of 1st period - Jake Leschyshyn wins face-off versus Filip Chytil in Little Stars zone.
Goals for this period are 2 for Little Stars vs 3 for Moose.
Shots for this period are 18 for Little Stars vs 13 for Moose.
2nd period
0:01 of 2nd period - Dylan Strome wins face-off versus Daniel O'regan in neutral zone.
0:41 of 2nd period - Icing by Ludwig Bystrom.
0:42 of 2nd period - Michael McLeod wins face-off versus Radel Fazleev in Moose zone.
0:42 of 2nd period - Michael McLeod is hit by Cal Burke.
0:58 of 2nd period - Wrist shot by Michael McLeod.
0:58 of 2nd period - Stopped by Michael Houser without a rebound.
0:59 of 2nd period - Mathieu Joseph wins face-off versus Daniel O'regan in Little Stars zone.
2:10 of 2nd period - Dylan Strome is hit by Shane Gersich and loses puck.
2:21 of 2nd period - Wrist shot by Shane Gersich.
2:21 of 2nd period - Stopped by Filip Gustavsson without a rebound.
2:22 of 2nd period - Michael McLeod wins face-off versus Daniel O'regan in Moose zone.
2:22 of 2nd period - Michael McLeod is hit by Daniel O'regan.
2:31 of 2nd period - Minor Penalty to Daniel O'regan for Hooking.
2:32 of 2nd period - Dylan Strome wins face-off versus Shane Gersich in Little Stars zone.
2:32 of 2nd period - Snap shot by Kyle Connor.
2:32 of 2nd period - Goal by Kyle Connor - Little Stars : 2 - Moose : 4.
2:32 of 2nd period - Danil Tarasov enters game.
2:33 of 2nd period - Dylan Strome wins face-off versus Daniel O'regan in neutral zone.
3:50 of 2nd period - Snap shot by Radel Fazleev.
3:50 of 2nd period - Deflect By Cal Burke.
3:50 of 2nd period - Shot Blocked by Ludwig Bystrom.
3:50 of 2nd period - Puck is out of play.
3:51 of 2nd period - Jake Leschyshyn wins face-off versus Radel Fazleev in Moose zone.
3:58 of 2nd period - Slapshot by Jake Leschyshyn.
3:58 of 2nd period - Stopped by Danil Tarasov without a rebound.
3:59 of 2nd period - Daniel O'regan wins face-off versus Dylan Strome in Little Stars zone.
4:04 of 2nd period - Snap shot by Adam Tambellini.
4:04 of 2nd period - Shot Blocked by Josh Mahura.
4:06 of 2nd period - Wrist shot by Reece Willcox.
4:06 of 2nd period - Shot Blocked by Nelson Nogier.
4:08 of 2nd period - Slapshot by Matt Luff.
4:08 of 2nd period - Deflect By Adam Tambellini.
4:08 of 2nd period - Shot Blocked by Nelson Nogier.
4:08 of 2nd period - Puck is out of play.
4:09 of 2nd period - Daniel O'regan wins face-off versus Dylan Strome in Moose zone.
4:12 of 2nd period - Snap shot by Daniel O'regan.
4:12 of 2nd period - Stopped by Filip Gustavsson with a rebound.
4:34 of 2nd period - Kyle Connor is hit by Matt Luff and loses puck.
6:00 of 2nd period - Slapshot by Reece Willcox.
6:00 of 2nd period - Stopped by Filip Gustavsson with a rebound.
6:21 of 2nd period - Wrist shot by Daniel O'regan.
6:21 of 2nd period - Stopped by Filip Gustavsson with a rebound.
6:59 of 2nd period - Off-side.
7:00 of 2nd period - Nikolay Goldobin wins face-off versus Jason Dickinson in neutral zone.
7:11 of 2nd period - Snap shot by Nikolay Goldobin.
7:11 of 2nd period - Stopped by Danil Tarasov with a rebound.
8:25 of 2nd period - Filip Chytil is hit by Anders Bjork and loses puck.
8:44 of 2nd period - Joey Anderson is hit by Jake Leschyshyn and loses puck.
11:10 of 2nd period - Shane Gersich is hit by Nikolay Goldobin.
11:11 of 2nd period - Icing by Shane Gersich.
11:12 of 2nd period - Radel Fazleev wins face-off versus Michael McLeod in Little Stars zone.
11:23 of 2nd period - Joakim Nygard is hit by Chase De Leo and loses puck.
16:05 of 2nd period - Icing by Justin Auger.
16:06 of 2nd period - Jason Dickinson wins face-off versus Chase De Leo in Little Stars zone.
16:06 of 2nd period - Jason Dickinson is hit by Julien Gauthier.
17:29 of 2nd period - Kieffer Bellows is hit by Cal Burke and loses puck.
17:33 of 2nd period - Icing by Kieffer Bellows.
17:34 of 2nd period - Jake Leschyshyn wins face-off versus Daniel O'regan in Moose zone.
17:49 of 2nd period - Snap shot by Boris Katchouk.
17:49 of 2nd period - Stopped by Danil Tarasov with a rebound.
17:51 of 2nd period - Slapshot by Erik Cernak.
17:51 of 2nd period - Shot Blocked by Evan Bouchard.
17:53 of 2nd period - Snap shot by Kieffer Bellows.
17:53 of 2nd period - Goal by Kieffer Bellows - Little Stars : 2 - Moose : 5.
17:54 of 2nd period - Dylan Strome wins face-off versus Matt Luff in neutral zone.
18:20 of 2nd period - Penalty Shot by Justin Auger for Little Stars.
18:20 of 2nd period - Wrist shot by Justin Auger.
18:20 of 2nd period - Stopped by Filip Gustavsson.
18:21 of 2nd period - Jason Dickinson wins face-off versus Michael McLeod in Little Stars zone.
18:52 of 2nd period - Snap shot by Tomas Jurco.
18:52 of 2nd period - Deflect By Nikolay Goldobin.
18:52 of 2nd period - Shot Blocked by Cal Burke.
18:52 of 2nd period - Puck is out of play.
18:53 of 2nd period - Radel Fazleev wins face-off versus Dylan Strome in Little Stars zone.
18:53 of 2nd period - Radel Fazleev is hit by Mathieu Joseph.
19:24 of 2nd period - Wrist shot by Radel Fazleev.
19:24 of 2nd period - Stopped by Filip Gustavsson with a rebound.
19:28 of 2nd period - Slapshot by Cal Burke.
19:28 of 2nd period - Shot Blocked by Matthew Benning.
19:55 of 2nd period - Wrist shot by Cal Burke.
19:55 of 2nd period - Stopped by Filip Gustavsson with a rebound.
19:57 of 2nd period - Slapshot by Shane Gersich.
19:57 of 2nd period - Stopped by Filip Gustavsson without a rebound.
19:58 of 2nd period - Daniel O'regan wins face-off versus Michael McLeod in Moose zone.
Goals for this period are 0 for Little Stars vs 2 for Moose.
Shots for this period are 7 for Little Stars vs 6 for Moose.
3rd period
0:01 of 3rd period - Matt Luff wins face-off versus Kyle Connor in neutral zone.
0:48 of 3rd period - Off-side.
0:49 of 3rd period - Chase De Leo wins face-off versus Joey Anderson in neutral zone.
0:55 of 3rd period - Off-side.
0:56 of 3rd period - Dylan Strome wins face-off versus Daniel O'regan in neutral zone.
1:21 of 3rd period - Justin Auger is hit by Nikolay Goldobin.
1:31 of 3rd period - Slapshot by Tucker Poolman.
1:31 of 3rd period - Shot Blocked by Erik Cernak.
2:27 of 3rd period - Wrist shot by Mathieu Joseph.
2:27 of 3rd period - Shot Blocked by Wiley Sherman.
2:29 of 3rd period - Snap shot by Mathieu Joseph.
2:29 of 3rd period - Shot Blocked by Daniel O'regan.
2:31 of 3rd period - Snap shot by Mathieu Joseph.
2:31 of 3rd period - Stopped by Danil Tarasov with a rebound.
2:33 of 3rd period - Wrist shot by Mathieu Joseph.
2:33 of 3rd period - Stopped by Danil Tarasov with a rebound.
2:35 of 3rd period - Slapshot by Caleb Jones.
2:35 of 3rd period - Shot Misses the Net.
4:18 of 3rd period - Joakim Nygard is hit by Tomas Jurco and loses puck.
4:38 of 3rd period - Snap shot by Radel Fazleev.
4:38 of 3rd period - Deflect By Shane Gersich.
4:38 of 3rd period - Stopped by Filip Gustavsson with a rebound.
4:52 of 3rd period - Adam Tambellini is hit by Caleb Jones and loses puck.
4:57 of 3rd period - Snap shot by Dylan Strome.
4:57 of 3rd period - Shot Misses the Net.
4:59 of 3rd period - Slapshot by Ludwig Bystrom.
4:59 of 3rd period - Deflect By Dylan Strome.
4:59 of 3rd period - Stopped by Danil Tarasov with a rebound.
5:11 of 3rd period - Slapshot by Ludwig Bystrom.
5:11 of 3rd period - Stopped by Danil Tarasov without a rebound.
5:12 of 3rd period - Jake Leschyshyn wins face-off versus Justin Auger in Little Stars zone.
5:23 of 3rd period - Slapshot by Jake Leschyshyn.
5:23 of 3rd period - Stopped by Danil Tarasov with a rebound.
5:37 of 3rd period - Kyle Connor is hit by Shane Gersich and loses puck.
5:44 of 3rd period - Tucker Poolman is hit by Dylan Strome and loses puck.
5:57 of 3rd period - Shane Gersich is hit by Nikolay Goldobin and loses puck.
6:20 of 3rd period - Evan Bouchard is hit by Anders Bjork and loses puck.
6:35 of 3rd period - Snap shot by Joakim Nygard.
6:35 of 3rd period - Deflect By Boris Katchouk.
6:35 of 3rd period - Shot Misses the Net.
6:35 of 3rd period - Puck is out of play.
6:36 of 3rd period - Jason Dickinson wins face-off versus Jake Leschyshyn in Moose zone.
6:37 of 3rd period - Snap shot by Joakim Nygard.
6:37 of 3rd period - Shot Misses the Net.
7:23 of 3rd period - Lawrence Pilut is hit by Michael McLeod and loses puck.
7:28 of 3rd period - Snap shot by Michael McLeod.
7:28 of 3rd period - Stopped by Danil Tarasov without a rebound.
7:29 of 3rd period - Jason Dickinson wins face-off versus Michael McLeod in Little Stars zone.
7:54 of 3rd period - Dylan Strome is hit by Adam Tambellini and loses puck.
8:17 of 3rd period - Slapshot by Connor Mackey.
8:17 of 3rd period - Deflect By Radel Fazleev.
8:17 of 3rd period - Stopped by Filip Gustavsson without a rebound.
8:18 of 3rd period - Radel Fazleev wins face-off versus Julien Gauthier in Moose zone.
8:28 of 3rd period - Icing by Julien Gauthier.
8:29 of 3rd period - Daniel O'regan wins face-off versus Chase De Leo in Moose zone.
8:52 of 3rd period - Wiley Sherman is hit by Erik Cernak and loses puck.
9:05 of 3rd period - Snap shot by Chase De Leo.
9:05 of 3rd period - Shot Misses the Net.
9:07 of 3rd period - Slapshot by Ludwig Bystrom.
9:07 of 3rd period - Shot Misses the Net.
9:09 of 3rd period - Slapshot by Ludwig Bystrom.
9:09 of 3rd period - Deflect By Anders Bjork.
9:09 of 3rd period - Stopped by Danil Tarasov without a rebound.
9:10 of 3rd period - Jason Dickinson wins face-off versus Dylan Strome in Little Stars zone.
9:10 of 3rd period - Jason Dickinson is hit by Matthew Benning.
9:56 of 3rd period - Wrist shot by Jake Leschyshyn.
9:56 of 3rd period - Goal by Jake Leschyshyn - Little Stars : 2 - Moose : 6.
9:57 of 3rd period - Mathieu Joseph wins face-off versus Daniel O'regan in neutral zone.
10:24 of 3rd period - Wrist shot by Jason Dickinson.
10:24 of 3rd period - Shot Misses the Net.
10:32 of 3rd period - Slapshot by Michael McLeod.
10:32 of 3rd period - Deflect By Nikolay Goldobin.
10:32 of 3rd period - Stopped by Danil Tarasov with a rebound.
10:41 of 3rd period - Icing by Erik Cernak.
10:42 of 3rd period - Michael McLeod wins face-off versus Radel Fazleev in Moose zone.
10:51 of 3rd period - Wrist shot by Radel Fazleev.
10:51 of 3rd period - Stopped by Filip Gustavsson without a rebound.
10:52 of 3rd period - Daniel O'regan wins face-off versus Dylan Strome in Moose zone.
11:13 of 3rd period - Minor Penalty to Caleb Jones for High sticking.
11:14 of 3rd period - Nikolay Goldobin wins face-off versus Daniel O'regan in Moose zone.
11:14 of 3rd period - Nikolay Goldobin is hit by Adam Tambellini.
12:08 of 3rd period - Icing by Joakim Nygard.
12:09 of 3rd period - Daniel O'regan wins face-off versus Michael McLeod in Little Stars zone.
13:00 of 3rd period - Snap shot by Tomas Jurco.
13:00 of 3rd period - Deflect By Michael McLeod.
13:00 of 3rd period - Shot Hit the Post.
13:00 of 3rd period - Puck is out of play.
13:01 of 3rd period - Nikolay Goldobin wins face-off versus Daniel O'regan in Little Stars zone.
13:10 of 3rd period - Nelson Nogier is hit by Daniel O'regan and loses puck.
13:13 of 3rd period - Penalty to Caleb Jones is over, Caleb Jones is back on ice.
13:33 of 3rd period - Snap shot by Shane Gersich.
13:33 of 3rd period - Shot Blocked by Nelson Nogier.
13:35 of 3rd period - Snap shot by Shane Gersich.
13:35 of 3rd period - Stopped by Filip Gustavsson with a rebound.
13:40 of 3rd period - Minor Penalty to Anders Bjork for Hooking.
13:41 of 3rd period - Daniel O'regan wins face-off versus Nikolay Goldobin in Moose zone.
13:41 of 3rd period - Slapshot by Adam Tambellini.
13:41 of 3rd period - Shot Blocked by Matthew Benning.
13:43 of 3rd period - Slapshot by Matt Luff.
13:43 of 3rd period - Shot Blocked by Ludwig Bystrom.
13:45 of 3rd period - Slapshot by Daniel O'regan.
13:45 of 3rd period - Stopped by Filip Gustavsson with a rebound.
14:25 of 3rd period - Slapshot by Tomas Jurco.
14:25 of 3rd period - Shot Hit the Post.
14:55 of 3rd period - Wrist shot by Dylan Strome.
14:55 of 3rd period - Stopped by Danil Tarasov with a rebound.
15:40 of 3rd period - Penalty to Anders Bjork is over, Anders Bjork is back on ice.
16:01 of 3rd period - Wrist shot by Anders Bjork.
16:01 of 3rd period - Deflect By Shane Gersich.
16:01 of 3rd period - Stopped by Danil Tarasov with a rebound.
16:03 of 3rd period - Wrist shot by Josh Mahura.
16:03 of 3rd period - Stopped by Danil Tarasov with a rebound.
16:56 of 3rd period - Off-side.
16:57 of 3rd period - Chase De Leo wins face-off versus Radel Fazleev in neutral zone.
17:42 of 3rd period - Lawrence Pilut is hit by Nelson Nogier and loses puck.
17:51 of 3rd period - Ludwig Bystrom is hit by Adam Tambellini and loses puck.
18:02 of 3rd period - Emile Poirier is hit by Julien Gauthier and loses puck.
18:07 of 3rd period - Wrist shot by Anders Bjork.
18:07 of 3rd period - Stopped by Danil Tarasov with a rebound.
18:09 of 3rd period - Wrist shot by Chase De Leo.
18:09 of 3rd period - Shot Misses the Net.
18:23 of 3rd period - Josh Mahura is hit by Jason Dickinson and loses puck.
18:30 of 3rd period - Wrist shot by Joakim Nygard.
18:30 of 3rd period - Goal by Joakim Nygard - Little Stars : 3 - Moose : 6.
18:31 of 3rd period - Dylan Strome wins face-off versus Daniel O'regan in neutral zone.
19:03 of 3rd period - Wrist shot by Michael McLeod.
19:03 of 3rd period - Stopped by Danil Tarasov without a rebound.
19:04 of 3rd period - Radel Fazleev wins face-off versus Michael McLeod in Little Stars zone.
19:13 of 3rd period - Snap shot by Michael McLeod.
19:13 of 3rd period - Shot Blocked by Evan Bouchard.
19:15 of 3rd period - Slapshot by Nikolay Goldobin.
19:15 of 3rd period - Shot Misses the Net.
19:25 of 3rd period - Snap shot by Michael McLeod.
19:25 of 3rd period - Shot Misses the Net.
19:30 of 3rd period - Minor Penalty to Radel Fazleev for Roughing.
19:31 of 3rd period - Dylan Strome wins face-off versus Daniel O'regan in Little Stars zone.
19:31 of 3rd period - Snap shot by Mathieu Joseph.
19:31 of 3rd period - Shot Misses the Net.
19:33 of 3rd period - Slapshot by Kyle Connor.
19:33 of 3rd period - Shot Misses the Net.
19:35 of 3rd period - Snap shot by Kyle Connor.
19:35 of 3rd period - Shot Misses the Net.
19:37 of 3rd period - Slapshot by Matthew Benning.
19:37 of 3rd period - Shot Blocked by Wiley Sherman.
19:47 of 3rd period - Wrist shot by Dylan Strome.
19:47 of 3rd period - Shot Blocked by Wiley Sherman.
19:57 of 3rd period - Daniel O'regan is hit by Nikolay Goldobin and loses puck.
Goals for this period are 1 for Little Stars vs 1 for Moose.
Shots for this period are 6 for Little Stars vs 14 for Moose.